 Dungeon Crawl Stone Soup version 0.25-a0-1133-g93ebf73 (webtiles) character file.

Game seed: 7145570537015585619, levelgen mode: deterministic

1067 thirtiethelement the Slasher (level 8, 0/61 HPs)
             Began as a Demonspawn Abyssal Knight on May 22, 2020.
             Was a Priest of Lugonu.
             Slain by a crimson imp (3 damage)
             ... on level 5 of the Dungeon.
             The game lasted 00:22:04 (5477 turns).

thirtiethelement the Slasher (DsAK)                 Turns: 5477, Time: 00:22:06

Health: 0/61       AC:  8    Str: 14    XL:     8   Next: 7%
Magic:  18/18      EV: 13    Int: 14    God:    Lugonu [***...]
Gold:   245        SH:  0    Dex: 13    Spells: 7/7 levels left

rFire    . . .     SeeInvis .   s - +0 long sword
rCold    . . .     Gourm    .   (no shield)
rNeg     . . .     Faith    .   b - +0 leather armour
rPois    .         Spirit   .   (helmet restricted)
rElec    .         Reflect  .   t - +2 cloak
rCorr    +         Harm     .   (no gloves)
MR       .....                  (no boots)
Stlth    +.........             d - amulet of magic regeneration
HPRegen  1.20/turn              e - ring of magical power
MPRegen  0.41/turn              C - ring of resist corrosion

@: lightly drained
A: antennae 2, icy blue scales 1, powered by death 2
a: Depart the Abyss, Bend Space, Banish, Renounce Religion


You were on level 5 of the Dungeon.
You worshipped Lugonu.
Lugonu was most pleased with you.
You were not hungry.

You visited 1 branch of the dungeon, and saw 5 of its levels.
You visited the Abyss 1 time.

You collected 245 gold pieces.

Inventory:

Hand Weapons
 a - a +1 falchion
 r - a +2 whip of electrocution
 s - a +0 long sword (weapon)
Missiles
 q - 10 boomerangs (quivered)
 u - 6 datura-tipped darts
Armour
 b - a +0 leather armour (worn)
 t - a +2 cloak (worn)
Jewellery
 d - an amulet of magic regeneration (around neck)
 e - a ring of magical power (left hand)
 C - a ring of resist corrosion (right hand)
Wands
 h - a wand of disintegration (9)
 y - a wand of clouds (6)
Scrolls
 i - a scroll of blinking
 j - 2 scrolls of remove curse
 k - a scroll of immolation {unknown}
 n - 2 scrolls of magic mapping
 o - 2 scrolls of teleportation
 p - 2 scrolls of amnesia
 x - a scroll of fear {unknown}
Potions
 f - 5 potions of curing
 l - 2 potions of lignification {unknown}
 m - 3 potions of brilliance {unknown}
 v - 2 potions of berserk rage {unknown}
 w - a potion of degeneration {unknown}
 z - a potion of flight {unknown}
 A - a potion of might {unknown}
 B - a potion of heal wounds {unknown}
Miscellaneous
 g - a tin of tremorstones (3/3)
Comestibles
 c - 2 rations


   Skills:
 + Level 4.6 Fighting
 + Level 6.1 Long Blades
 + Level 3.8 Armour
 + Level 3.2 Dodging
 + Level 1.3 Stealth
 + Level 2.5(2.4) Invocations
 + Level 1.3 Evocations


You had 7 spell levels left.
You didn't know any spells.
Your spell library was empty.

Dungeon Overview and Level Annotations

Branches:
Dungeon (5/15)
 Temple: D:4-7

Altars:
Cheibriados
Elyvilon
Hepliaklqana
Nemelex Xobeh
Uskayaw
Wu Jian
Yredelemnul

Annotations:
D:4 3 runed translucent doors, Gorgondantess's ghost, novice KoAr


Innate Abilities, Weirdness & Mutations

You have a pair of antennae on your head.
You are partially covered in icy blue scales. (AC +2)
You regenerate health from kills.


Message History

You barely miss the crimson imp. The gnoll hits you but does no damage.
The gnoll misses you. The shadow imp gestures at you.
Pain shoots through your body!
* * * LOW HITPOINT WARNING * * *
You hit the shadow imp.
The shadow imp is almost dead.
The crimson imp closely misses you. The shadow imp hits you.
* * * LOW HITPOINT WARNING * * *
The gnoll barely misses you. The gnoll completely misses you.
The crimson imp hits you.
* * * LOW HITPOINT WARNING * * *
You hit the shadow imp.
You kill the shadow imp!
Lugonu accepts your kill. The gnoll closely misses you.
The gnoll hits you from afar with a +0 halberd!
* * * LOW HITPOINT WARNING * * *
The crimson imp hits you.
You die...

##......#..
'........
#.......# ⌠
#.......
#..
#......##..
#....g.g.
#......#
#..<5@)#
#$.....#
#.#.#..# #
#.#..# #
#..# #..#
#..# #..#
#..#


You could see 2 gnolls and a crimson imp.

Vanquished Creatures
  Pikel (D:4)
  A big kobold (D:4)
  A scorpion (D:5)
  The ghost of Fedra the Chopper, a weakling MiBe of Trog (D:3)
  2 centaur zombies (D:5)
  A centaur skeleton (D:5)
  2 iguanas
  2 worker ants
  A gnoll (D:5)
  8 adders
  A shadow imp (D:5)
  An ooze (D:1)
  A worm (D:3)
  An adder skeleton (D:4)
  3 dart slugs (D:1)
  3 leopard geckos
  5 orcs
  6 bats
  7 giant cockroaches
  5 hobgoblins
  7 jackals (D:1)
  A quokka (D:5)
  2 ball pythons (D:2)
  7 frilled lizards
  5 goblins
  28 kobolds
  A leopard gecko zombie (D:5)
  8 rats
  6 plants (D:4)
118 creatures vanquished.

Vanquished Creatures (others)
  4 jackals (D:4)
  A jackal skeleton (D:4)
  2 plants (D:4)
7 creatures vanquished.

Grand Total: 125 creatures vanquished

Notes
Turn   | Place    | Note
-------+----------+-------------------------------------------
     0 | Abyss:1  | thirtiethelement the Demonspawn Abyssal Knight began the
                  | quest for the Orb.
     0 | Abyss:1  | Reached XP level 1. HP: 18/18 MP: 2/2
    55 | Abyss:2  | Found a corrupted altar of Lugonu.
    68 | Abyss:2  | Noticed a neqoxec
    74 | Abyss:2  | Noticed a crimson imp
    75 | Abyss:3  | Found a corrupted altar of Lugonu.
   144 | Abyss:3  | Noticed a starcursed mass
   147 | D:1      | Escaped the Abyss
   348 | D:1      | Reached skill level 2 in Long Blades
   377 | D:1      | Gained mutation: You have a pair of small antennae on your
                  | head. [demonic ancestry]
   377 | D:1      | Reached XP level 2. HP: 11/24 MP: 3/3
   379 | D:1      | Reached * piety under Lugonu
   873 | D:1      | Reached skill level 1 in Dodging
  1038 | D:1      | Reached XP level 3. HP: 29/29 MP: 4/4
  1731 | D:2      | Reached skill level 3 in Long Blades
  1746 | D:2      | Gained mutation: You are partially covered in icy blue
                  | scales. (AC +2) [demonic ancestry]
  1746 | D:2      | Reached XP level 4. HP: 21/35 MP: 5/5
  1778 | D:2      | Reached ** piety under Lugonu
  2747 | D:3      | Found a runed translucent door.
  2781 | D:3      | Noticed Fedra's ghost (weakling MiBe)
  2795 | D:3      | Killed Fedra's ghost
  2795 | D:3      | Gained mutation: You regenerate a little health from kills.
                  | [demonic ancestry]
  2795 | D:3      | Reached XP level 5. HP: 9/42 MP: 6/6
  3086 | D:3      | Found a hazy altar of Hepliaklqana.
  3088 | D:3      | Found an ornate altar of the Wu Jian Council.
  3091 | D:3      | Found a snail-covered altar of Cheibriados.
  3557 | D:4      | Reached skill level 4 in Long Blades
  3738 | D:4      | Noticed Pikel
  3738 | D:4      | Noticed a slave
  3738 | D:4      | Noticed a slave
  3738 | D:4      | Noticed a slave
  3738 | D:4      | Noticed a slave
  3754 | D:4      | Killed Pikel
  3754 | D:4      | Reached skill level 5 in Long Blades
  3754 | D:4      | Reached skill level 1 in Stealth
  3754 | D:4      | Reached skill level 1 in Evocations
  3754 | D:4      | Reached XP level 6. HP: 3/48 MP: 7/7
  3754 | D:4      | Gained mutation: You have a pair of antennae on your head.
                  | [demonic ancestry]
  3754 | D:4      | Reached XP level 7. HP: 4/54 MP: 8/8
  4483 | D:4      | Found a white marble altar of Elyvilon.
  4558 | D:4      | Found a runed translucent gate.
  4558 | D:4      | Found a runed translucent gate.
  4558 | D:4      | Found a runed translucent gate.
  4559 | D:4      | Identified the +1 dagger of Ancient Evil {drain, rElec
                  | Str-5 Dex+4}
  4559 | D:4      | Noticed Gorgondantess's ghost (novice KoAr)
  4654 | D:4      | Noticed a -1 hand axe
  4659 | D:4      | Found a hide-covered altar of Uskayaw.
  4659 | D:4      | Noticed a +0 dagger
  4808 | D:4      | Found a sparkling altar of Nemelex Xobeh.
  5049 | D:5      | Entered Level 5 of the Dungeon
  5338 | D:5      | Found a basalt altar of Yredelemnul.
  5351 | D:5      | Reached skill level 6 in Long Blades
  5351 | D:5      | Gained mutation: You regenerate health from kills. [demonic
                  | ancestry]
  5351 | D:5      | Reached XP level 8. HP: 35/61 MP: 9/9
  5352 | D:5      | Reached *** piety under Lugonu
  5477 | D:5      | HP: 3/61 [gnoll/+0 halberd (7)]
  5477 | D:5      | Slain by a crimson imp

Illustrated notes

Levels and vault maps discovered:
D:1:      dpeg_arrival_stonehenge_8_columns, layout_loops_ring
D:2:      layout_basic
D:3:      layout_loops_ring, grunt_temple_overflow_open,
          ebering_ghost_reflecting_pool, first_ration,
          chequers_hall_statues_corner_a
D:4:      kennysheep_kobold_camp, layout_basic, dancing_weapons_uskayaw,
          marbit_many_paths, elyvilon_altar_3, gammafunk_ghost_nasty_kobolds,
          uniq_pikel
D:5:      layout_basic, overflow_temple_1_default,
          minmay_temple_entry_sparse_star, gup_sewer_entry_bowl,
          hangedman_feature_mirror

Skill      XL: |  1  2  3  4  5  6  7 |
---------------+----------------------+-----
Long Blades    | 2 3 5 6 |  6.1
Dodging        | 1 2 3 |  3.2
Armour         | 2 3 |  3.8
Fighting       | 4 |  4.6
Stealth        | 1 |  1.3
Evocations     | 1 |  1.3
Invocations    | |  2.5

Action                   |  1- 3 |  4- 6 |  7- 9 || total
-------------------------+-------+-------+-------++-------
Melee: Falchion          |   118 |    65 |       ||   183
       Long sword        |       |    84 |   381 ||   465
Invok: Depart the Abyss  |     1 |       |       ||     1
Evoke: Wand              |       |     7 |     1 ||     8
  Use: Scroll            |     3 |     6 |       ||     9
       Potion            |       |       |     2 ||     2
  Eat: Ration            |     1 |     2 |     2 ||     5
Armor: Leather armour    |    50 |    63 |    49 ||   162
Dodge: Dodged            |    96 |   103 |   109 ||   308
       Rpst.: Falchion   |    21 |    13 |       ||    34
       Long sword        |       |    18 |    24 ||    42

Table legend:
 A = Non-vault XP
 B = Vault XP
 C = Vault XP percentage of total XP
 D = Non-vault monster count
 E = Vault monster count
 F = Vault count percentage of total count
                 A         B        C        D         E       F
            +---------+---------+-------+---------+---------+-------
      Total |     567 |     958 |  62.8 |      86 |      26 |  23.2
            +---------+---------+-------+---------+---------+-------
        D:1 |      65 |       0 |   0.0 |      30 |       0 |   0.0
        D:2 |     100 |       0 |   0.0 |      25 |       0 |   0.0
        D:3 |      46 |      66 |  58.9 |      16 |       1 |   5.9
        D:4 |      93 |     839 |  90.0 |       6 |      22 |  78.6
        D:5 |     263 |      53 |  16.8 |       9 |       3 |  25.0
            +---------+---------+-------+---------+---------+-------
